 Dungeon Crawl Stone Soup version 0.27-a0-59-gfbafd837a3 (webtiles) character file.

Game seed: 2533875572036575197

86286 wakim the Grappler (level 15, -6/153 HPs)
             Began as a Troll Fighter on Jan 7, 2021.
             Was the Champion of Okawaru.
             Mangled by a yak (13 damage)
             ... summoned by an orange crystal statue
             ... on level 9 of the Dungeon on Jan 8, 2021.
             The game lasted 02:04:59 (21555 turns).

wakim the Grappler (Troll Fighter)                 Turns: 21555, Time: 02:05:00

Health: -6/153     AC: 10    Str: 33    XL:     15   Next: 40%
Magic:  0/20       EV: 12    Int: -1 (6) God:    Okawaru [******]
Gold:   2860       SH: 18    Dex:  9    Spells: 14/14 levels left

rFire    + . .     SeeInvis .     - Unarmed
rCold    . . .     Faith    .   s - +1 kite shield
rNeg     . . .     Spirit   .   U - quicksilver dragon scales
rPois    .         Reflect  +   K - +1 hat
rElec    .         Harm     .   E - +0 cloak
rCorr    .         Rampage  .   (gloves unavailable)
Will     ++...                  (boots unavailable)
Stlth    ..........             k - amulet of reflection
HPRegen  0.75/turn              L - +4 ring of slaying
MPRegen  0.17/turn              O - ring of protection from fire

@: slowed, lost intelligence, very slow
A: large, unfitting armour, claws 3, talons 1, clever 1, deformed body,
regeneration 1, shaggy fur 1, tough skin 3, MP-powered wands
a: Renounce Religion, Heroism, Finesse


You were on level 9 of the Dungeon.
You worshipped Okawaru.
Okawaru was exalted by your worship.
You visited 3 branches of the dungeon, and saw 22 of its levels.
You also visited: Bailey and Volcano.

You collected 3040 gold pieces.
You spent 180 gold pieces at shops.

Inventory:

Missiles
 d - 6 silver javelins
 n - 35 large rocks
 v - 3 atropa-tipped darts
 w - 35 boomerangs (quivered)
 R - 4 silver boomerangs
Armour
 a - a +0 troll leather armour
 l - a +1 robe of fire resistance
 s - a +1 kite shield (worn)
 E - a +0 cloak (worn)
 K - a +1 hat (worn)
 S - +0 fire dragon scales
 U - quicksilver dragon scales (worn)
Jewellery
 k - an amulet of reflection (around neck)
 p - an uncursed ring of resist corrosion
 G - a +4 ring of evasion
 L - a +4 ring of slaying (left claw)
 O - a ring of protection from fire (right claw)
Wands
 i - a wand of paralysis (5)
 r - a wand of iceblast (16)
 u - a wand of acid (38)
 D - a wand of disintegration (34)
 F - a wand of digging (4)
 X - a wand of enslavement (8)
Scrolls
 e - 2 scrolls of enchant armour
 g - 9 scrolls of remove curse
 h - 15 scrolls of identify
 q - 2 scrolls of blinking
 t - 10 scrolls of fog
 y - 5 scrolls of teleportation
 A - a scroll of enchant weapon
 H - 2 scrolls of amnesia
 W - 2 scrolls of magic mapping
 Y - a scroll of fear
 Z - a scroll of summoning
Potions
 b - 2 potions of flight
 c - 2 potions of might
 f - 9 potions of curing
 j - 3 potions of cancellation
 o - 5 potions of heal wounds
 x - 2 potions of magic
 C - 2 potions of haste
 J - 3 potions of ambrosia
 M - a potion of resistance
 P - a potion of berserk rage
 Q - a potion of brilliance
Miscellaneous
 B - a phantom mirror
 I - a phial of floods


   Skills:
 + Level 11.1 Fighting
 + Level 11.7 Throwing
 + Level 7.2 Dodging
 - Level 9.0 Shields
 + Level 14.6 Unarmed Combat
 - Level 8.0 Invocations


You had 14 spell levels left.
You didn't know any spells.
Your spell library contained the following spells:

 Spells                   Type           Power        Failure   Level
 Animate Skeleton         Necr           0%           71%         1
 Pain                     Necr           0%           71%         1
 Confusing Touch          Hex            0%           97%         3
 Gell's Gravitas          Tloc           0%           97%         3
 Vampiric Draining        Necr           0%           97%         3
 Animate Dead             Necr           0%           100%        4
 Ice Form                 Ice/Tmut       0%           100%        4
 Petrify                  Tmut/Erth      0%           100%        4
 Agony                    Necr           0%           100%        5
 Metabolic Englaciation   Hex/Ice        0%           100%        5
 Yara's Violent Unravell  Hex/Tmut       0%           100%        5
 Freezing Cloud           Conj/Ice/Air   0%           100%        6
 Ozocubu's Refrigeration  Ice            0%           100%        6
 Simulacrum               Ice/Necr       0%           100%        6


Dungeon Overview and Level Annotations

Branches:
Dungeon (15/15)            Temple (1/1) D:6            Lair (6/6) D:8
 Shoals (0/4) Lair:3        Snake (0/4) Lair:3        Slime (0/5) Lair:6
    Orc (0/2) D:9          Vaults (0/5) D:13         Bailey (visited)
Volcano (visited)
 Depths: D:15

Altars:
Ashenzari
Cheibriados
Dithmenos
Elyvilon
Fedhas
Gozag
Hepliaklqana
Kikubaaqudgha
Makhleb
Nemelex Xobeh
Okawaru
Qazlal
Ru
Sif Muna
Trog
Uskayaw
Vehumet
Wu Jian
Xom
Yredelemnul
Zin
The Shining One
Beogh
Lugonu

Shops:
D:6 }   D:8 *:?[(   D:9 [(   D:10 =

Portals:
Abyss: Lair:3
Trove: D:10 (give 7 potions of haste)

Annotations:
D:9 1 runed translucent door, exclusion: 2 orange crystal statues


Innate Abilities, Weirdness & Mutations

You are too large for most types of armour.
You have claws for hands.
Your natural rate of healing is unusually fast.
You are covered in fur. (AC +1)
You have extremely tough skin. (AC +3)
You have sharp toenails.
Your mind is acute. (Int +2)
Armour fits poorly on your strangely shaped body.
You expend magic power (3 MP) to strengthen your wands.


Message History

The orange crystal statue fixes its piercing gaze on you.
You feel your power leaking away.
You can move again.
You claw the quokka skeleton!
You destroy the quokka skeleton!
You block the yak's attack. The yak closely misses you.
The yak barely misses you.
The orange crystal statue fixes its piercing gaze on you.
Something tries to feed on your intellect!
The orange crystal statue fixes its piercing gaze on you.
The yak gores you!
* * * LOW HITPOINT WARNING * * *
You eviscerate the two-headed ogre!!! You claw the two-headed ogre.
The two-headed ogre is almost dead.
The yak gores you but does no damage. The yak closely misses you.
You block the yak's attack. You block the two-headed ogre's attack.
The two-headed ogre hits you with a +0 giant club!!
* * * LOW HITPOINT WARNING * * *
The yak gores you!
You die...

#....)....[..#...#...#..
#.####+####.#...........
##.#8.....8#..###########
#..#.#...#.#.............
#..#.......#.+#####......
#..#...[...#......+......
#..#....h..#......#......
#).#.#.YY#.#......#......
#..#...Y@Y5#......#.....(
#..####O####......#......
#................##.....#
#.#####....+.....#......#
#.# #....#.....#......#
#.# #....#.....#.......
#.#####....#.....#.......
#...[......#######.......
#####....................


You could see 2 orange crystal statues, a two-headed ogre (summoned), 4 yaks, a
hound (summoned) and a quasit (summoned).

Vanquished Creatures
  A fire dragon (Lair:6)
  A boulder beetle (D:12)
  Harold (D:8)
  5 vault guards (D:13)
  6 hydras
  A catoblepas (Lair:3)
  7 two-headed ogres
  An ogre mage (D:13)
  6 death yaks
  Erica (D:9)
  Urug (D:12)
  2 skeletal warriors (Volcano)
  A swamp dragon (Lair:6)
  A wizard (D:13)
  An anaconda skeleton (Volcano)
  2 orange crystal statues (D:9)
  4 orc knights
  A deep elf mage (D:12)
  A wolf spider (Lair:6)
  12 ugly things
  4 cyclopes
  5 elephants (Lair:6)
  12 black mambas
  A centaur zombie (D:15)
  24 cane toads
  Maurice (D:10)
  A guardian serpent (Lair:6)
  4 gargoyles
  A torpor snail (Lair:4)
  Maggie (Lair:2)
  5 rime drakes
  A kobold demonologist (D:13)
  9 komodo dragons
  A yaktaur (D:13)
  2 freezing wraiths
  2 trolls
  4 hornets
  2 polar bears
  A queen bee (Lair:2)
  A harpy skeleton (Volcano)
  12 blink frogs
  10 slime creatures
  3 redbacks (Lair:6)
  2 flying skulls (Volcano)
  A vampire (D:12)
  13 wyverns
  4 wraiths
  56 yaks
  Eustachio (D:6)
  A steam dragon (Lair:6)
  8 basilisks
  Grum (D:8)
  5 vampire mosquitoes (D:13)
  A naga (Lair:3)
  3 acid dragons (Lair:6)
  24 water moccasins
  3 black bears
  2 phantoms
  14 orc warriors
  4 ice beasts
  4 sky beasts
  6 ogres
  A necrophage (D:10)
  11 wolves
  6 centaurs
  2 big kobolds
  Blork the orc (D:4)
  24 bullfrogs
  4 scorpions
  A water moccasin skeleton (D:10)
  A wyvern skeleton (D:11)
  35 killer bees
  8 wights
  A spriggan skeleton (Volcano)
  2 electric eels (Lair:2)
  7 howler monkeys
  21 jellies
  A quasit (D:12)
  A centaur skeleton (D:12)
  11 hounds
  3 bullfrog zombies
  4 orc priests
  11 orc wizards
  2 bullfrog skeletons (D:13)
  13 worker ants
  8 iguanas
  A killer bee zombie (D:10)
  2 naga skeletons (Volcano)
  2 hound skeletons (D:9)
  A howler monkey zombie (D:6)
  Robin (D:2)
  2 worker ant zombies
  15 adders
  4 gnolls (D:6)
  5 ufetubi
  4 oozes
  An adder skeleton (D:4)
  3 worms (D:3)
  3 dart slugs
  6 leopard geckos
  57 orcs
  A ball python (D:2)
  8 bats
  5 giant cockroaches
  20 goblins
  9 hobgoblins
  11 jackals
  7 quokkas
  4 frilled lizards
  31 kobolds
  2 leopard gecko skeletons
  4 rats
704 creatures vanquished.

Vanquished Creatures (others)
  A rime drake (Lair:6)
  A flying skull (Volcano)
  A bush (Lair:2)
  51 fungi
  A lurking horror (Lair:3)
  149 plants
204 creatures vanquished.

Grand Total: 908 creatures vanquished

Notes
Turn   | Place    | Note
-------+----------+-------------------------------------------
     0 | D:1      | wakim the Troll Fighter began the quest for the Orb.
     0 | D:1      | Reached XP level 1. HP: 22/22 MP: 0/0
    36 | D:1      | You fall into a shaft and drop 1 floor!
    44 | D:2      | Reached XP level 2. HP: 28/29 MP: 1/1
    88 | D:2      | Reached XP level 3. HP: 25/36 MP: 2/2
   191 | D:2      | Reached skill level 3 in Unarmed Combat
   324 | D:1      | Reached XP level 4. HP: 38/44 MP: 3/3
   936 | D:2      | Found an opulent altar of Gozag.
   939 | D:2      | Noticed Robin
   956 | D:2      | Killed Robin
  1263 | D:2      | Found an ornate altar of the Wu Jian Council.
  1548 | D:2      | Found a faded altar of an unknown god.
  1548 | D:2      | Found a bloodstained altar of Trog.
  1553 | D:2      | Found a stormy altar of Qazlal.
  1555 | D:2      | Found a faded altar of an unknown god.
  1556 | D:2      | Found a glowing silver altar of Zin.
  1697 | D:3      | Reached XP level 5. HP: 53/53 MP: 4/4
  1738 | D:3      | Noticed an ogre
  1748 | D:3      | Killed an ogre
  1749 | D:3      | Reached skill level 1 in Throwing
  1749 | D:3      | Reached skill level 4 in Unarmed Combat
  1759 | D:3      | Found an iron altar of Okawaru.
  1820 | D:3      | Reached XP level 6. HP: 21/61 MP: 5/5
  2745 | D:4      | Reached skill level 5 in Unarmed Combat
  2772 | D:4      | Reached XP level 7. HP: 68/68 MP: 6/6
  2885 | D:4      | Noticed Blork the orc
  2903 | D:4      | Killed Blork the orc
  3335 | D:5      | Entered Level 5 of the Dungeon
  3476 | D:5      | Reached skill level 6 in Unarmed Combat
  3676 | D:5      | Reached XP level 8. HP: 72/79 MP: 7/7
  3810 | D:5      | Found a blossoming altar of Fedhas.
  4054 | D:6      | Noticed Eustachio
  4096 | D:6      | Killed Eustachio
  4232 | D:6      | Reached skill level 7 in Unarmed Combat
  4261 | D:6      | Found a staircase to the Ecumenical Temple.
  4289 | Temple   | Entered the Ecumenical Temple
  4522 | D:6      | Found Qokusuc's Gadget Emporium.
  4591 | D:6      | Reached skill level 5 in Fighting
  4592 | D:6      | Reached skill level 5 in Shields
  4897 | D:6      | Reached XP level 9. HP: 63/88 MP: 8/8
  5053 | D:7      | Reached skill level 8 in Unarmed Combat
  5141 | D:7      | Found a broken altar of Ashenzari.
  5264 | D:7      | Found a flagged portal.
  5494 | D:8      | Noticed Grum
  5551 | Bailey   | Entered a bailey
  5664 | Bailey   | Noticed an orc knight
  5678 | Bailey   | Killed an orc knight
  5679 | Bailey   | Reached skill level 9 in Unarmed Combat
  5693 | Bailey   | Noticed an orc knight
  5720 | Bailey   | Killed an orc knight
  5721 | Bailey   | Reached skill level 5 in Throwing
  5782 | Bailey   | Noticed an orc knight
  5800 | Bailey   | Killed an orc knight
  5801 | Bailey   | Reached XP level 10. HP: 62/98 MP: 9/9
  5808 | Bailey   | Found the +3 Elemental Staff {rElec rF++ rC++ Will++ AC+5}
  5855 | Bailey   | Found an iron altar of Okawaru.
  5997 | D:8      | Killed Grum
  6052 | D:8      | Found Onokkud's Antique Armour Shoppe.
  6067 | D:8      | Bought a robe for 20 gold pieces
  6067 | D:8      | Bought a cloak for 130 gold pieces
  6116 | D:8      | Found a bloodstained altar of Trog.
  6121 | D:8      | Found Acvurr's Book Shop.
  6159 | D:8      | Found Maaxkoi's Magic Scroll Emporium.
  6233 | D:8      | Found Genkomet's Antique Weapon Shop.
  6316 | D:8      | Noticed Harold
  6319 | D:8      | Noticed a two-headed ogre
  6332 | D:8      | Killed Harold
  6333 | D:8      | Reached skill level 10 in Unarmed Combat
  6359 | D:8      | Found Hillabru's Assorted Antiques.
  6366 | D:8      | Bought a scroll labelled MYCOBRU CUOCOS for 30 gold pieces
  6408 | D:8      | Found a staircase to the Lair.
  6445 | D:9      | Found Guappeu's Weapon Emporium.
  6445 | D:9      | Found a staircase to the Orcish Mines.
  6539 | D:9      | Found Ineaj's Armour Emporium.
  6579 | D:9      | Paralysed by a hornet for 1 turns
  6779 | D:9      | You fall into a shaft and drop 2 floors!
  6799 | D:11     | Noticed a two-headed ogre
  6809 | D:11     | Killed a two-headed ogre
  6834 | D:11     | Noticed a cyclops
  6856 | D:11     | Killed a cyclops
  6864 | D:11     | Noticed a cyclops
  6880 | D:11     | Noticed a cyan ugly thing
  6884 | D:11     | Killed a cyclops
  6885 | D:11     | Reached skill level 11 in Unarmed Combat
  6885 | D:11     | Reached XP level 11. HP: 98/109 MP: 10/10
  6892 | D:11     | Killed a cyan ugly thing
  6980 | D:10     | Entered Level 10 of the Dungeon
  6980 | D:10     | Found a portal to a secret trove of treasure.
  7019 | D:10     | Noticed a two-headed ogre
  7024 | D:10     | Killed a two-headed ogre
  7255 | D:10     | Found Ciclamet's Jewellery Shop.
  7473 | D:10     | Noticed Maurice
  7482 | D:10     | Paralysed by Maurice for 4 turns
  7492 | D:10     | Killed Maurice
  7751 | D:11     | Noticed a two-headed ogre
  7758 | D:11     | Killed a two-headed ogre
  7759 | D:11     | Reached skill level 12 in Unarmed Combat
  7889 | D:11     | Noticed a two-headed ogre
  7896 | D:11     | Killed a two-headed ogre
  7995 | D:11     | Found a shadowy altar of Dithmenos.
  9026 | D:3      | Became a worshipper of Warmaster Okawaru
  9160 | Lair:1   | Entered Level 1 of the Lair of Beasts
  9160 | Lair:1   | Noticed a four-headed hydra
  9163 | Lair:1   | Killed a four-headed hydra
  9262 | Lair:1   | Reached XP level 12. HP: 120/120 MP: 11/11
  9273 | Lair:1   | Reached * piety under Okawaru
  9401 | Lair:1   | Gained mutation: You have sharp toenails. [potion of
                  | mutation]
  9401 | Lair:1   | Gained mutation: Your mind is acute. (Int +2) [potion of
                  | mutation]
  9401 | Lair:1   | Gained mutation: Armour fits poorly on your strangely
                  | shaped body. [potion of mutation]
  9401 | Lair:1   | Gained mutation: You expend magic power (3 MP) to
                  | strengthen your wands. [potion of mutation]
  9546 | Lair:1   | Reached ** piety under Okawaru
  9613 | Lair:1   | Noticed a seven-headed hydra
  9613 | Lair:1   | Noticed a five-headed hydra
  9887 | Lair:1   | Killed a five-headed hydra
  9952 | Lair:1   | Killed an eight-headed hydra
  9952 | Lair:1   | Reached *** piety under Okawaru
 10010 | Lair:1   | Noticed a four-headed hydra
 10024 | Lair:1   | Killed a four-headed hydra
 10270 | Lair:1   | Received a gift from Okawaru
 10378 | Lair:2   | Noticed Maggie
 10381 | Lair:2   | Killed Maggie
 10381 | Lair:2   | Reached **** piety under Okawaru
 10676 | Lair:2   | Received a gift from Okawaru
 10770 | Lair:2   | Reached XP level 13. HP: 59/131 MP: 12/12
 10808 | Lair:2   | Reached skill level 13 in Unarmed Combat
 11030 | Lair:2   | Reached ***** piety under Okawaru
 11241 | Lair:2   | Upgraded the game from 0.27-a0-54-g64bdb92e38 to
                  | 0.27-a0-59-gfbafd837a3
 11377 | Lair:3   | Found a corrupted altar of Lugonu.
 11381 | Lair:3   | Found a one-way gate to the infinite horrors of the Abyss.
 11561 | Lair:3   | Found a staircase to the Shoals.
 11607 | Lair:3   | Found a staircase to the Snake Pit.
 11829 | Lair:3   | Found a dark tunnel.
 11837 | Volcano  | Entered a volcano
 11899 | Volcano  | Reached skill level 1 in Invocations
 11907 | Volcano  | Received a gift from Okawaru
 12992 | Lair:4   | Reached skill level 10 in Throwing
 13024 | Lair:4   | Received a gift from Okawaru
 13638 | Lair:4   | Reached skill level 10 in Fighting
 15038 | Lair:6   | Entered Level 6 of the Lair of Beasts
 15150 | Lair:6   | Reached XP level 14. HP: 98/143 MP: 16/16
 15390 | Lair:6   | Reached skill level 5 in Dodging
 15428 | Lair:6   | Reached skill level 5 in Invocations
 15433 | Lair:6   | Received a gift from Okawaru
 15881 | Lair:6   | Found a staircase to the Slime Pits.
 16074 | Lair:6   | Reached skill level 14 in Unarmed Combat
 17629 | D:9      | Found a hide-covered altar of Uskayaw.
 17758 | D:9      | Found a runed translucent door.
 17758 | D:9      | Noticed Erica
 17766 | D:9      | Killed Erica
 17769 | D:9      | Found the +10 tower shield of Ignorance {rN+ Int-4}
 17774 | D:9      | Found a runed translucent door.
 17842 | D:9      | Found a burning altar of Makhleb.
 18288 | D:12     | Reached ****** piety under Okawaru
 18304 | D:12     | Received a gift from Okawaru
 18459 | D:12     | Noticed Urug
 18467 | D:12     | Killed Urug
 18562 | D:12     | You fall into a shaft and drop 3 floors!
 18562 | D:15     | Entered Level 15 of the Dungeon
 18991 | D:14     | Reached XP level 15. HP: 132/152 MP: 19/19
 19158 | D:13     | Received a gift from Okawaru
 19669 | D:12     | HP: 4/149 [enormous slime creature (10)]
 20347 | D:13     | Found a gate to the Vaults.
 20369 | D:13     | Received a gift from Okawaru
 20627 | D:13     | Found a roughly hewn altar of Beogh.
 21549 | D:9      | Lost intelligence.
 21555 | D:9      | HP: 7/153 [two-headed ogre/+0 giant club[an orange crystal
                  | statue] (19)]
 21555 | D:9      | Mangled by a yak

Illustrated notes

Levels and vault maps discovered:
D:1:      minmay_arrival_wavy_path, layout_loops_ring, minmay_indecisive_spiral
D:2:      layout_basic, nzn_wu_jian_council_hall, overflow_temple_1_default,
          chequers_temple_overflow_minitemple, corexii_leaking_fountain,
          uniq_robin
D:3:      layout_loops_ring, nrook_loot_triangle, okawaru_ov_weapons_minmay
D:4:      layout_basic, uniq_blork_the_orc
D:5:      layout_loops_ring, fedhas_altar_4
D:6:      layout_basic, minmay_temple_entry_statues_fountains, serial_shops,
          nicolae_shop_statue_plus, st_stairs_6, uniq_eustachio
D:7:      layout_cave_pools, lemuel_crystal_altar, enter_bailey_2
D:8:      layout_rooms, lair_entry_dummy, serial_shops,
          nicolae_shop_overgrown_old_shop, shop, nicolae_shop_window_shopping,
          kennysheep_little_box, nicolae_shop_waterfront, basic_altar,
          uniq_grum, uniq_harold
D:9:      layout_irregular_city, lemuel_coloured_pillars_altar,
          dancing_weapons_uskayaw, orc_david_3,
          chequers_guarded_unrand_ignorance, uniq_erica
D:10:     layout_long_grid, serial_shops, shop, nicolae_trove_entry_isolated,
          uniq_maurice
D:11:     layout_layer_cave, nicolae_dithmenos_the_darkroom
D:12:     layout_rooms, kennysheep_generic_room_14, uniq_urug
D:13:     layout_roguey [special_room_orc], grunt_vaults_entry_fortified
D:14:     layout_basic
D:15:     hangedman_depths_entry_try_elsewhere_first, layout_small_grid,
          nicolae_tso_carved_into_rock, basic_altar, minmay_misc_feat_five,
          uniq_jorgrun
Temple:   dshaligram_water_room_temple
Lair:1:   layout_roguey, hangedman_lair_generics_rect
Lair:2:   layout_hall_layers, special_room [special_room_bee], disabler_island,
          grunt_megastairs_3, uniq_maggie
Lair:3:   layout_cave_pods, minmay_shoals_entry_centaurs,
          guppyfry_snake_entry_island, lightli_volcano_entry_magma_tube,
          minmay_stone_trees_small, amcnicky_altar_lugonu_corruption
Lair:4:   layout_cellular_growth, grunt_forest_small_clearings
Lair:5:   layout_roguey, wad_woods_river_01, infiniplex_staircase_pool_2
Lair:6:   guppyfry_lair_end_dragon, layout_cave_pods,
          hangedman_lair_tendril_chambers, minmay_slime_entry_jelly_boxes,
          chequers_serial_rivers_micro_c, hangedman_lair_unloving_vines

Skill      XL: |  1  2  3  4  5  6  7  8  9 10 11 12 13 14 15 |
---------------+----------------------------------------------+-----
Unarmed Combat | 3 4 5 6 7 9 11 12 13 14 | 14.6
Shields        | 3 4 5 6 8 9 |  9.0
Fighting       | 3 4 5 6 7 8 9 10 11 | 11.1
Throwing       | 1 2 3 4 5 6 7 9 10 11 | 11.7
Invocations    | 4 7 8 |  8.0
Dodging        | 4 6 7 |  7.2

Action                   |  1- 3 |  4- 6 |  7- 9 | 10-12 | 13-15 || total
-------------------------+-------+-------+-------+-------+-------++-------
Melee: Unarmed           |    93 |   191 |   360 |   557 |   895 ||  2096
       Kick              |       |       |       |    62 |   308 ||   370
Throw: Boomerang         |       |       |    18 |   172 |   328 ||   518
       Large rock        |       |       |       |    23 |    10 ||    33
       Javelin           |       |       |       |       |     7 ||     7
Invok: Heroism           |       |       |       |       |     2 ||     2
       Finesse           |       |       |       |       |     2 ||     2
Evoke: Wand              |       |       |     6 |       |     2 ||     8
  Use: Scroll            |       |     6 |     5 |     5 |     9 ||    25
       Potion            |       |     3 |     6 |     7 |     2 ||    18
 Stab: Distracted        |       |       |     1 |       |       ||     1
       Sleeping          |       |       |     4 |       |     1 ||     5
Armor: Robe              |    44 |    55 |    62 |     1 |    41 ||   203
       Animal skin       |       |       |       |    79 |    24 ||   103
       Quicksilver drago |       |       |       |       |    82 ||    82
Dodge: Dodged            |    34 |    58 |    88 |   164 |   269 ||   613
Block: Kite shield       |    51 |    90 |   278 |   459 |   738 ||  1616
       Reflection        |       |       |    43 |    10 |    24 ||    77

Table legend: (Time is in decaauts)
 A = Elapsed time spent in this place.
 B = Non-inter-level travel time spent in this place.
 C = Inter-level travel time spent in this place.
 D = Time resting spent in this place.
 E = Time spent auto-exploring this place.
 F = Levels seen in this place.
 G = Mean time per level.
                   A        B        C        D        E       F      G
               +--------+--------+--------+--------+--------+-----+--------+
         Total |  21198 |  19752 |   1446 |   2768 |  10779 |  24 |  883.2 |
       Dungeon |  12511 |  11507 |   1004 |   1136 |   6748 |  15 |  834.1 |
        Temple |    132 |    110 |     22 |      0 |    109 |   1 |  132.0 |
          Lair |   7840 |   7421 |    419 |   1382 |   3819 |   6 | 1306.7 |
        Bailey |    405 |    405 |      0 |    151 |     80 |   1 |  405.0 |
       Volcano |    308 |    308 |      0 |     99 |     23 |   1 |  308.0 |
               +--------+--------+--------+--------+--------+-----+--------+

Top non-repeatable levels by time:
  Lair:6: 2135 daAuts
    D:11: 1523 daAuts
  Lair:5: 1293 daAuts
  Lair:3: 1235 daAuts
    D:12: 1159 daAuts
  Lair:1: 1145 daAuts
  Lair:4: 1129 daAuts
    D:13: 1102 daAuts
     D:9: 1045 daAuts
     D:2: 967 daAuts
     D:4: 905 daAuts
  Lair:2: 901 daAuts
     D:3: 862 daAuts
     D:6: 847 daAuts
    D:10: 807 daAuts
